[Event "Svetozar Gligoric Masters 2022"]
[Site "Belgrade"]
[Date "2022.07.18"]
[Round "2.1"]
[White "Predke, Alexandr"]
[Black "Namitbir Singh Walia"]
[Result "1-0"]
[ECO "C95"]
[WhiteElo "2688"]
[BlackElo "2293"]
[Annotator "TA"]
[PlyCount "89"]
[EventDate "2022.07.18"]
[EventCountry "SRB"]
[SourceTitle "playchess.com"]
[Source "ChessBase"]
[SourceQuality "1"]
[TimeControl "40/5400+30:900+30"]

1. e4 e5 2. Nf3 Nc6 3. Bb5 a6 4. Ba4 Nf6 5. O-O Be7 6. Re1 b5 7. Bb3 d6 8. c3 O-O 9. h3 Nb8 10. d4 Nbd7 11. Nbd2 Bb7 12. Bc2 Re8 13. Nf1 Bf8 14. Ng3 g6 15. Bd2 Bg7 16. Qc1 {C95: Closed Ruy Lopez: Breyer Variation with 10 d4.} exd4 17. cxd4 c5 18. d5 {The position is equal.} (18. Bh6 {seems wilder.} cxd4 19. Nxd4 Bh8 20. Ndf5) 18... Ne5 19. Nxe5 {[#]} dxe5 $146 (19... Rxe5 $11 {keeps the balance.} 20. Rb1 Re8) ({Predecessor:} 19... Rxe5 20. Bf4 Re8 21. Qd2 Nd7 22. Bxd6 Bxb2 23. Rab1 Qf6 24. e5 Bxe5 25. Ne4 Qg7 26. Nxc5 Bxd6 27. Nxb7 {½-½ (58) Semjonovs,I (2245)-Veiga,J (2305) Konya 2018}) 20. a4 Qd7 21. Bh6 Re7 $2 (21... Bxh6 $16 22. Qxh6 Qe7) 22. Bxg7 $18 Kxg7 {[#]} 23. Nf5+ $1 Kg8 24. Nxe7+ Qxe7 25. axb5 axb5 26. Rxa8+ Bxa8 27. Qa1 Bb7 28. Qa7 Qc7 29. Rd1 Kg7 30. b3 Ne8 31. Qa1 f6 32. Qc3 Qb6 (32... Nd6 {was necessary.} 33. b4 c4) 33. Qe3 Qc7 34. Rc1 Nd6 35. Bd3 c4 36. bxc4 bxc4 {[#]} 37. Bxc4 $1 Nxc4 (37... Qa5 38. Be2) 38. Qa7 {Against Ba6} Qc8 39. Qa4 ({Weaker is} 39. Rxc4 Qxc4 40. Qxb7+ Kh6 $16) 39... Ba6 40. d6 Qb7 (40... Bb5 $142 41. Qxb5 Nxd6) 41. d7 Bb5 {[#]} 42. Qxb5 $3 {[%mdl 576] Promotion} Qxb5 43. d8=Q {Intending Qe7+ and mate.} Na5 44. Qe7+ Kh6 45. Qxf6 {Black got outplayed after the opening.  Weighted Error Value: White=0.36/Black=0.98} 1-0

[Event "Svetozar Gligoric Masters 2022"]
[Site "Belgrade"]
[Date "2022.07.18"]
[Round "2.2"]
[White "Petrov, Nikita"]
[Black "Milosevic, Milos"]
[Result "1-0"]
[ECO "A45"]
[WhiteElo "2558"]
[BlackElo "2288"]
[Annotator "TA"]
[PlyCount "63"]
[EventDate "2022.07.18"]
[EventCountry "SRB"]
[SourceTitle "playchess.com"]
[Source "ChessBase"]
[SourceQuality "1"]
[TimeControl "40/5400+30:900+30"]

1. d4 Nf6 2. Bg5 Ne4 3. Bf4 c5 4. f3 Nf6 5. dxc5 Qa5+ 6. Qd2 Qxc5 7. e4 {A45: Trompowsky Attack.} e6 8. Nc3 {aiming for Nb5.} a6 {[#] Inhibits Nb5.} 9. g4 $146 {[%cal Bg2g4,Bg4g5][%mdl 32] White is better.} ({Predecessor:} 9. Na4 Qb4 10. Qxb4 Bxb4+ 11. c3 Ba5 12. O-O-O d5 13. Be3 dxe4 14. Bb6 Nc6 15. Bxa5 Nxa5 {1-0 (43) Rodriguez,S (2252)-Simonovic,M (2129) Chess.com INT 2020}) 9... b5 10. g5 Nh5 11. Be3 {White is more active.} Qc7 12. Bh3 ({White should try} 12. O-O-O $16) 12... Nc6 $11 13. Bg4 g6 14. Bxh5 gxh5 15. Qf2 Bg7 {A mistake that costs the game.} (15... Ne5 $14) 16. Nge2 $18 b4 17. Na4 {[%cal Bc3a4,Ba4b6,Bb6d5,Bd5f6][%mdl 32] Black must now prevent Nf4.} d5 (17... h6 $16 {keeps fighting.}) 18. exd5 exd5 19. Nb6 {Pair of Knights!} Rb8 20. Nxd5 Qa5 {[#]} 21. Nf6+ Bxf6 22. gxf6 Ne5 $2 (22... Bf5 23. Rg1 h6) 23. Bd4 {And now Qe3 would win.} Ng6 24. Qe3+ Be6 25. Rg1 {Strongly threatening Rg5.} Rc8 $2 (25... b3+ 26. Bc3 Qb6 27. Qxb6 Rxb6 28. axb3 Bc8) 26. Rg5 Qd8 27. Bc5 Nh4 28. Kf2 Rxc5 $2 (28... Qxf6 29. Bd4 (29. Rxh5 Rg8 $11) 29... Qxf3+ 30. Qxf3 Nxf3) 29. Rxc5 {White is clearly winning.} Qxf6 30. Rc8+ Kd7 31. Rxh8 {[#] Intending Rd1+ and mate.} Qxh8 32. Rd1+ {Weighted Error Value: White=0.35/Black=0.62} 1-0

[Event "Svetozar Gligoric Masters 2022"]
[Site "Belgrade"]
[Date "2022.07.18"]
[Round "2.3"]
[White "Han, Yichen"]
[Black "Makarian, Rudik"]
[Result "0-1"]
[ECO "B84"]
[WhiteElo "2286"]
[BlackElo "2533"]
[Annotator "TA"]
[PlyCount "60"]
[EventDate "2022.07.18"]
[EventCountry "SRB"]
[SourceTitle "playchess.com"]
[Source "ChessBase"]
[SourceQuality "1"]
[TimeControl "40/5400+30:900+30"]

1. e4 c5 2. Nf3 d6 3. d4 cxd4 4. Nxd4 Nf6 5. Nc3 a6 6. Be3 e6 7. Be2 Qc7 8. a4 b6 9. f4 Bb7 10. Bf3 Nbd7 11. Nb3 Be7 12. O-O O-O 13. g4 {B84: Sicilian Scheveningen: 6 Be2 a6, lines without early Be3.} h6 14. Bg2 Nh7 {[#]} 15. Qe1 $146 {The position is equal.} ({Predecessor:} 15. Rf3 Ndf6 16. Rh3 e5 17. g5 Ne8 18. gxh6 g6 19. fxe5 dxe5 20. Nd5 Bxd5 21. exd5 {1-0 (37) Hernandez Gil,I (2039)-Rodriguez Guerra,M (1949) San Nicolas de Bari 2018}) 15... e5 16. f5 Bg5 (16... b5 $5) 17. h4 Bxe3+ 18. Qxe3 Qd8 $1 19. Qg3 Qe7 20. Rad1 Rad8 21. Rd2 g5 22. Qe3 Nc5 ({Black should try} 22... Rfe8 $11) 23. Nxc5 (23. hxg5 $14 Qxg5 24. Qxg5+ Nxg5 25. Nxc5 dxc5 26. Nd5) 23... dxc5 $11 24. Rxd8 Rxd8 25. f6 (25. Nd5 $11 Bxd5 26. exd5) 25... Nxf6 $17 26. hxg5 (26. Qg3 $17) 26... Nxg4 $19 27. Qf3 Qxg5 28. Qxf7+ Kh8 {[%cal Od8g8] Strongly threatening ...Rg8!} 29. Qxb7 $2 {[#]} (29. Rf3 $19) 29... Qe3+ $1 ({Inferior is} 29... Qh4 30. Rf3 $11) 30. Kh1 Qg3 {Weighted Error Value: White=0.65/Black=0.10 (very precise)} 0-1

[Event "Svetozar Gligoric Masters 2022"]
[Site "Belgrade"]
[Date "2022.07.18"]
[Round "2.4"]
[White "Pranav Vijay"]
[Black "Arpita, Mukherjee"]
[Result "1-0"]
[ECO "B96"]
[WhiteElo "2265"]
[BlackElo "2281"]
[Annotator "TA"]
[PlyCount "129"]
[EventDate "2022.07.18"]
[EventCountry "SRB"]
[SourceTitle "playchess.com"]
[Source "ChessBase"]
[SourceQuality "1"]
[TimeControl "40/5400+30:900+30"]

1. e4 c5 2. Nf3 d6 3. d4 cxd4 4. Nxd4 Nf6 5. Nc3 a6 6. Bg5 e6 7. f4 h6 8. Bh4 Qb6 9. a3 Be7 {[%cal Of6e4] B96: Sicilian Najdorf: 6 Bg5 e6 7 f4, lines other than 7...Qb6 and 7...Be7.} (9... Qxb2 $2 10. Na4 Qxa1 11. Qxa1 $18) 10. Bf2 Qc7 (10... Qxb2 $2 11. Na4 Qxa1 12. Qxa1 $18) 11. Qf3 Nbd7 {The position is equal.} 12. O-O-O b5 13. g4 Bb7 (13... g5 $5 ) 14. Bg2 {14.Bg2 has lost popularity.} g5 15. Qh3 (15. f5 $1 $14) 15... O-O-O $11 16. f5 (16. e5 $5 dxe5 17. fxe5 Nxe5 18. Bg3 Nfxg4 19. Bxb7+ Kxb7 20. Qg2+ Kb6 21. Qg1 $11) 16... e5 17. Nde2 h5 18. gxh5 Rxh5 {[#]} 19. Qg3 $146 ({Predecessor:} 19. Qf3 Nc5 20. Ng3 Rh4 21. Qe2 Rdh8 22. h3 g4 23. hxg4 Nxg4 24. Rxh4 Rxh4 25. Rh1 Nxf2 26. Qxf2 Bg5+ 27. Kb1 f6 28. Bf3 Rxh1+ {1-0 (28) Eesha,A (1744)-Song,Y (2292) New Delhi 2019}) 19... Rh4 20. h3 {Against Rg4} (20. Qxg5 $2 Rg4 21. Qe3 Rxg2 $19) 20... Nc5 21. Qe3 Rhh8 22. Kb1 g4 23. h4 Bf8 {And now ...Bh6 would win.} 24. Nc1 $1 Bh6 25. Qe1 Bxc1 26. Rxc1 Nh5 27. Rg1 Nf4 28. Rd1 Rhg8 29. Bg3 (29. Bh1 $14) 29... Bc6 30. Bh1 (30. Qe3 $5 ) 30... Qb6 31. Qd2 Nh3 (31... Nh5 $1 $14) 32. Rge1 $16 b4 (32... a5 $16) 33. Nd5 Bxd5 34. axb4 Bc6 35. bxc5 $18 dxc5 36. Qh6 Nf4 37. Rxd8+ Rxd8 38. Bxf4 exf4 39. Qxf4 Qb4 {[#]} (39... c4 $142) 40. Rc1 $1 c4 $2 {[#]} (40... a5 {keeps fighting.} 41. Qxg4 a4) 41. e5 $1 Bxh1 42. Rxh1 {[%mdl 4096] Endgame KQR-KQR} a5 (42... Rd7 $142 43. h5 g3) 43. Qxg4 a4 {White must now prevent ...a3.} 44. f6+ Kc7 45. e6 a3 46. Qg3+ Rd6 47. Qe5 ({Stronger than} 47. b3 cxb3 48. cxb3 (48. Qxb3 $2 Qd4 $19) 48... Qe4+ 49. Ka2 Qxh1 $11) 47... Qxb2+ 48. Qxb2 axb2 {KR-KR} 49. e7 (49. Kxb2 $142 Rxe6 50. h5) 49... Kd7 {Strongly threatening ...c3.} 50. Kxb2 {Threatens to win with h5.} Rxf6 51. h5 Rh6 52. Kc3 Kxe7 53. Kxc4 Rc6+ 54. Kd3 {Threatening mate with h6.} Kf8 $2 (54... Rh6 $18 55. c4 Kd6) 55. h6 {White mates.} Kg8 56. h7+ Kh8 57. c4 f5 58. Rh4 Rd6+ 59. Ke3 Rd1 60. Kf4 Rf1+ 61. Ke5 Rf2 62. Rf4 Rd2 63. Rxf5 Kxh7 64. c5 Kg6 65. Rf1 {Weighted Error Value: White=0.15 (very precise) /Black=0.33} (65. Rf6+ $142 Kg5 66. Rf5+ Kg6 67. Rf4 Re2+ 68. Kd5 Rd2+ 69. Rd4 Rf2 70. c6) 1-0

[Event "Svetozar Gligoric Masters 2022"]
[Site "Belgrade"]
[Date "2022.07.18"]
[Round "2.5"]
[White "Kalogridis, Antonios"]
[Black "Arjun Kalyan"]
[Result "0-1"]
[ECO "E20"]
[WhiteElo "2272"]
[BlackElo "2499"]
[Annotator "TA"]
[PlyCount "116"]
[EventDate "2022.07.18"]
[EventCountry "SRB"]
[SourceTitle "playchess.com"]
[Source "ChessBase"]
[SourceQuality "1"]
[TimeControl "40/5400+30:900+30"]

1. d4 Nf6 2. c4 e6 3. Nc3 Bb4 4. f3 c5 5. d5 b5 6. e4 {E20: Nimzo-Indian: 4 g3 and 4 f3.} d6 $1 {[%mdl 4] is more profitable than 6...bxc4 at the moment.} 7. Bd2 Bxc3 8. Bxc3 {The position is equal.} b4 9. Bd2 O-O 10. Be3 exd5 11. cxd5 Nfd7 (11... Ne8 {with more complications.} 12. a3 f5 13. axb4 fxe4 14. bxc5 dxc5 15. Bxc5 Nd6) 12. Ne2 {[#]} Nb6 $146 ({Predecessor:} 12... f5 13. exf5 Rxf5 14. Ng3 Re5 15. Kf2 Qh4 16. Qd2 Nf6 17. Rc1 Ba6 18. b3 Nxd5 {½-½ (34) Aronian,L (2758)-Carlsen,M (2876) Douglas 2019}) 13. Ng3 f5 14. exf5 Bxf5 15. Nxf5 Rxf5 16. Bd3 $1 Re5 17. Be4 N8d7 18. O-O Nf6 19. Bf4 Re8 20. Bg5 Re5 21. Bf4 {This bishop pair is nice.} Re8 22. Bg5 Qe7 23. Qc2 {[%cal Oe4h7] Black must now prevent Bxh7+!} Qf7 24. Bxf6 gxf6 25. Rad1 Re5 (25... Re7 $11 {keeps the balance.}) 26. f4 $1 $16 Re7 27. Qd3 (27. Rf3 $1 $16 ) 27... c4 $11 28. Qg3+ Kh8 29. Bf5 Nxd5 {Threatens to win with ...Ne3.} 30. Qf3 Nb6 31. Rxd6 Rae8 32. Qh3 {Against c3} (32. Qc6 $14) 32... Rc7 (32... Na4 $5 ) 33. Qh6 (33. Rfd1 $5 ) 33... c3 34. Rxf6 Qg7 35. bxc3 {[%cal Oh6h5] aiming for Qh5!} bxc3 36. Qxg7+ Kxg7 37. Re6 Rd8 ({Don't take} 37... Rxe6 38. Bxe6 Kf6 39. Bb3 $16) 38. Re2 Rd2 39. Rff2 (39. Kf2 $11) 39... Nc4 $15 {[%mdl 1024] Black has compensation.} 40. Re1 Rb7 $1 41. Rf3 $2 (41. Rfe2 $1 $11) 41... c2 $1 $19 42. Rc3 (42. Bxc2 {keeps fighting.} Rxc2 43. Rf2) 42... Rd1 43. Rxc2 ({Of course not} 43. Kf2 Rxe1 44. Rxc2 Ra1 $1 45. Rxc4 Rxa2+ 46. Kf3 Rb3+ 47. Ke4 Re2+ 48. Kd4 Rxg2 49. Rc7+ Kf6 50. Bxh7 Rd2+ 51. Ke4 Re2+ 52. Kd5 Rb5+ 53. Kc4 Ra5 $19) 43... Rxe1+ 44. Kf2 {[#]} Ne3 $1 45. Rc5 {[#]} (45. Rc8 Nxg2) 45... Nxf5 46. Kxe1 {[%mdl 4096] Endgame KRN-KR} Ne7 47. g3 Kf6 48. Ra5 Ke6 49. g4 Nc6 50. Rh5 (50. Ra6 $15 Rb6 51. Rxb6 axb6 52. Kd2) 50... Nb4 $17 51. f5+ (51. Ke2 $17 {was necessary.}) 51... Ke5 $19 52. a4 Nd5 {...Nf6 is the strong threat.} 53. f6+ Ke6 54. Rh6 {[%cal Of6f7] [#]} Ke5 $2 ({Inferior is} 54... Nxf6 55. g5 $11) (54... Rf7 $1 $19 {And now ...Ne3 would win.} 55. h4 a5) 55. g5 $2 (55. Rh5+ $1 $11 {and White stays safe.} Ke4 56. Rf5) 55... Kf5 56. h4 Ne3 57. f7 $2 (57. Rh5) 57... Rxf7 58. Rc6 Ng2+ {Weighted Error Value: White=0.40/Black=0.16 (very precise)} 0-1

[Event "Svetozar Gligoric Masters 2022"]
[Site "Belgrade"]
[Date "2022.07.18"]
[Round "2.6"]
[White "Koustav Chatterjee"]
[Black "Pujari, Rucha"]
[Result "1-0"]
[ECO "D02"]
[WhiteElo "2485"]
[BlackElo "2244"]
[Annotator "TA"]
[PlyCount "73"]
[EventDate "2022.07.18"]
[EventCountry "SRB"]
[SourceTitle "playchess.com"]
[Source "ChessBase"]
[SourceQuality "1"]
[TimeControl "40/5400+30:900+30"]

1. d4 d5 2. Nf3 Nf6 3. Bf4 e6 4. e3 Bd6 5. Nbd2 O-O 6. c3 {D02: 1 d4 d5 2 Nf3 sidelines, including 2...Nf6 3 g3 and 2...Nf6 3 Bf4.} c5 7. Bd3 Qc7 {7...Bxf4 gains popularity.} 8. Bxd6 {The position is equal.} Qxd6 9. Ne5 b6 10. f4 Ba6 11. Bc2 Nc6 12. g4 Nd7 13. g5 (13. Qf3 $14) 13... cxd4 $11 14. exd4 (14. Qh5 $2 g6 15. Nxg6 fxg6 $19) 14... Ndxe5 15. fxe5 Nxe5 16. dxe5 $40 {[%mdl 128] White mounts an attack.} Qxe5+ 17. Kf2 {[#] Nf3 is the strong threat.} d4 $146 (17... Qxg5 18. Nf3 Qh6 19. Re1 $16 (19. Bd3 Bxd3 20. Qxd3 Rac8 $14)) ({Predecessor:} 17... Qxg5 18. Nf3 Qh5 19. h4 h6 20. Qd4 Rac8 21. Rag1 e5 22. Qxe5 Qxe5 23. Nxe5 d4 {1-0 (63) Salinas Herrera,P (2517)-Steinberg,N (2537) Chess.com INT 2022}) 18. Qf3 {Inhibits Qe3+.} (18. Nf3 $2 Qe3+ 19. Kg2 Be2 20. Qxd4 Qxf3+ 21. Kg1 Rfd8 $19) 18... Qxg5 19. Ne4 Qh6 {Strongly threatening ...f5.} 20. Rhg1 (20. Rad1 $11) 20... f5 (20... Qxh2+ 21. Rg2 Qh4+ 22. Kg1 $16 (22. Qg3 Qxg3+ 23. Rxg3 Rfd8 $14)) (20... dxc3 $15 21. bxc3 Rad8) 21. Ng5 {Hoping for Bb3. Really sharp! Active counter play!} Bc4 {[#]} 22. Bb3 $1 Bxb3 (22... Qxh2+ 23. Rg2 Qh4+ 24. Kg1 Bxb3 25. axb3 $16) 23. axb3 dxc3 24. bxc3 Rad8 (24... Qxh2+ $142 25. Rg2 Qh6) 25. Qe3 ({Much weaker is} 25. Rxa7 $6 Qxh2+ 26. Rg2 Rd2+ 27. Kf1 Rxg2 28. Qxg2 Qf4+ 29. Kg1 Qe3+ 30. Kh2 Qxc3 $11) ({White should play} 25. Qf4 $16) 25... Rf6 (25... Qxh2+ $14 26. Rg2 Qh4+ 27. Ke2 (27. Kg1 Rfe8 $11) 27... Qh5+ 28. Nf3 f4 29. Qxe6+ Qf7 30. Qxf7+ Rxf7) 26. Nf3 {aiming for Qxh6.} ({Don't do} 26. Rxa7 Qxh2+ 27. Rg2 Qh4+ 28. Qg3 Qxg3+ 29. Rxg3 Re8 $16) 26... f4 (26... Qxe3+ $16 {was called for.} 27. Kxe3 Rf7) 27. Qe4 $18 a5 28. Rad1 Rxd1 29. Rxd1 Rf8 30. Rd6 Re8 31. Rxb6 g5 $2 {[#]} (31... Qf6 32. c4 Qb2+ 33. Kf1 Qa1+ 34. Kg2 Qf6) 32. Rb5 {[%csl LRa5,LRg5] White is clearly winning.} e5 33. Rxe5 Rxe5 34. Qxe5 Qb6+ 35. Nd4 a4 36. Qxg5+ Kh8 37. Qxf4 {Weighted Error Value: White=0.13 (very precise) /Black=0.32} 1-0

[Event "Svetozar Gligoric Masters 2022"]
[Site "Belgrade"]
[Date "2022.07.18"]
[Round "2.7"]
[White "Sedlak, Nikola"]
[Black "Arias Gaviria, Mario Alexis"]
[Result "1-0"]
[ECO "E12"]
[WhiteElo "2480"]
[BlackElo "2231"]
[Annotator "TA"]
[PlyCount "81"]
[EventDate "2022.07.18"]
[EventCountry "SRB"]
[SourceTitle "playchess.com"]
[Source "ChessBase"]
[SourceQuality "1"]
[TimeControl "40/5400+30:900+30"]

1. d4 Nf6 2. Nf3 e6 3. Bf4 b6 4. e3 Bb7 5. c4 Bb4+ 6. Nfd2 Ne4 {E12: Queen's Indian: Unusual White 4th moves, 4 a3, 4 Nc3 Bb7 5 a3 and 4 Nc3 Bb7 .} 7. Bd3 Nxd2 8. Nxd2 Bxd2+ {White has an edge.} (8... Bxg2 9. Rg1 Bxd2+ 10. Kxd2 $16) 9. Qxd2 g5 10. Be5 f6 11. Bg3 {next h4 is good for White.} Bxg2 12. Rg1 Bf3 {[#]} 13. Be2 $146 ({Predecessor:} 13. Qc2 Qe7 14. Be4 Qb4+ 15. Kf1 Bxe4 16. Qxe4 Qxc4+ 17. Kg2 c6 18. h4 gxh4 19. Qxh4 {0-1 (35) Castillo Ortiz,N (2028)-Medina Guzman,B (1932) Santo Domingo 2015}) 13... Bxe2 14. Qxe2 d6 (14... Qe7 $11) 15. f4 {White is more active.} h6 16. O-O-O Nd7 $1 17. Qf3 c6 $2 {Black cannot hold the game after this.} (17... Rc8 $14) 18. fxg5 $18 (18. Qxc6 Rc8 19. Qa4 (19. Qxd6 Rxc4+ 20. Kd2 Qe7 $11) 19... Qc7 $11) 18... hxg5 19. Bxd6 $40 {[%mdl 128] [#] Black must now prevent h4. White goes for the king.} ({Not} 19. Qxc6 Rc8 20. Qxd6 Rxc4+ 21. Kd2 Kf7 $11) 19... Qc8 $2 (19... f5 20. Qxc6 Rc8) 20. Kb1 Qb7 21. d5 c5 22. Qg4 Nf8 23. Bxf8 (23. dxe6 Rh4 24. e7 Ng6 $14) 23... Kxf8 24. Rgf1 ({Weaker is} 24. Qxe6 Qe7 $16) 24... Qf7 25. dxe6 Qg6+ 26. Ka1 Re8 27. Qg3 {aiming for Qe5.} Kg8 28. Rd7 Rh7 $2 (28... Qe4) 29. Qd6 {Strongly threatening Rd8.} Rg7 30. e4 Kh8 31. a3 Kh7 32. Rf3 {Rh3+ is the strong threat.} g4 {Prevents Rh3+.} 33. Rf5 Kh8 34. Ka2 Kh7 35. Rxg7+ Kxg7 {[%mdl 4096] Endgame KQR-KQR} 36. Qd7+ Kh6 {[#]} 37. Rxf6 $3 Qxf6 38. Qxe8 Qf1 39. Qh8+ {White mates.} Kg6 40. Qg8+ Kh6 41. e7 {Weighted Error Value: White=0.11 (very precise) /Black=0.61} 1-0

[Event "Svetozar Gligoric Masters 2022"]
[Site "Belgrade"]
[Date "2022.07.18"]
[Round "2.8"]
[White "Ojas Kulkarni"]
[Black "Maksimovic, Bojan"]
[Result "0-1"]
[ECO "E51"]
[WhiteElo "2244"]
[BlackElo "2465"]
[Annotator "TA"]
[PlyCount "94"]
[EventDate "2022.07.18"]
[EventCountry "SRB"]
[SourceTitle "playchess.com"]
[Source "ChessBase"]
[SourceQuality "1"]
[TimeControl "40/5400+30:900+30"]

1. d4 Nf6 2. c4 e6 3. Nc3 Bb4 4. e3 d5 5. Nf3 O-O 6. Bd2 b6 7. cxd5 exd5 8. Bd3 {E51: Nimzo-Indian: Rubinstein: 4...0-0 5 Nf3 d5.} Ba6 9. Bxa6 Nxa6 10. O-O {The position is equal.} c5 11. dxc5 bxc5 12. a3 Bxc3 13. Bxc3 Ne4 {[#]} 14. Qd3 $146 ({Predecessor:} 14. Be5 f6 15. Bf4 Qd7 16. Rc1 Rac8 17. h3 Rfd8 18. b3 Qb7 19. Qc2 Nb8 20. Rfd1 {½-½ (94) Suleymenov,A (2440)-Iljin,T (2314) Cheliabinsk 2021}) 14... c4 15. Qd4 Nxc3 16. bxc3 Qd6 17. e4 Rfd8 18. Rad1 Nc7 19. a4 Qc6 20. Ne5 Qe8 21. Rde1 {[#]} (21. Rfe1 $11 {remains equal.}) 21... Ne6 $1 $17 ({But not} 21... Qxa4 $6 22. Qc5 Rac8 23. Nc6 $11) 22. Qe3 d4 23. Qh3 (23. Qg3 $17 {was worth a try.}) 23... Rac8 $19 24. cxd4 Nxd4 25. Nf3 Nxf3+ 26. Qxf3 Qxa4 (26... c3 $19 27. a5 Qb5) 27. Ra1 $17 Qd7 {Hoping for ...c3. Black is more active.} 28. Qc3 (28. Rfc1 $17 {keeps fighting.}) 28... Rc7 29. g3 h6 30. Rfc1 Qd4 (30... Qc6 $19 31. Qc2 Rd4) 31. e5 Kh7 (31... Qg4 $142 32. Ra6 Rd1+ 33. Rxd1 Qxd1+ 34. Kg2 Qd5+ 35. Kh3 Rd7) 32. Ra5 Qxc3 (32... Qg4 {looks sharper.} 33. Qc2+ g6 34. Ra6 c3) 33. Rxc3 {[%mdl 4096] Endgame KRR-KRR} Kg6 34. Kg2 {[#]} Kf5 $1 35. Kf3 Rd4 {Prevents g4+.} 36. g4+ (36. Re3 $17 {was necessary.}) 36... Ke6 $19 37. h3 Rd5 38. Ra4 Rdc5 ({Worse is} 38... Kxe5 39. Raxc4 Rxc4 40. Rxc4 $17) ({Stronger than} 38... Rxe5 39. Rcxc4 Rxc4 40. Rxc4 $17) 39. Ra1 Kxe5 {And now ...Kd4 would win.} 40. Re3+ Kd6 41. Rc3 a5 42. Ke3 Kc6 43. Rac1 (43. Kd2 $142) 43... Kb6 44. Kd4 Rd7+ 45. Ke4 a4 46. Rb1+ (46. Ra3 $142 Ra7 47. Kd4) 46... Rb5 47. Rbc1 Rb4 {Weighted Error Value: White=0.35/Black=0.13 (very precise)} 0-1

[Event "Svetozar Gligoric Masters 2022"]
[Site "Belgrade"]
[Date "2022.07.18"]
[Round "2.9"]
[White "Nitish Belurkar"]
[Black "Mijatovic, Dusan"]
[Result "0-1"]
[WhiteElo "2460"]
[BlackElo "2225"]
[Annotator "TA"]
[PlyCount "32"]
[EventDate "2022.07.18"]
[EventCountry "SRB"]
[SourceTitle "playchess.com"]
[Source "ChessBase"]
[SourceQuality "1"]
[TimeControl "40/5400+30:900+30"]

1. e4 e6 2. d4 d5 3. e5 c5 4. c3 Nc6 5. Nf3 Bd7 6. Bd3 cxd4 {C02: French: Advance Variation.} 7. O-O {is the new trend.} dxc3 8. Nxc3 Nge7 9. Bg5 {[#] aiming for Nb5.} a6 {Prevents Nb5.} 10. h4 {[#] Black took control after the opening.  Weighted Error Value: White=0.08 (flawless) /Black=0.00 (flawless)} {Predecessor:} h6 $146 11. Bf4 Nc8 12. h5 Be7 13. Qd2 b5 14. Rfd1 Nb6 15. Rac1 Rc8 16. Qe2 Na5 {1-0 (29) Nitish,B (2460)-Mijatovic,D (2225) Belgrade 2022} 0-1

[Event "Svetozar Gligoric Masters 2022"]
[Site "Belgrade"]
[Date "2022.07.18"]
[Round "2.10"]
[White "Ristic, Luka"]
[Black "Stoyanov, Tsvetan"]
[Result "0-1"]
[ECO "B91"]
[WhiteElo "2243"]
[BlackElo "2450"]
[Annotator "TA"]
[PlyCount "64"]
[EventDate "2022.07.18"]
[EventCountry "SRB"]
[SourceTitle "playchess.com"]
[Source "ChessBase"]
[SourceQuality "1"]
[TimeControl "40/5400+30:900+30"]

1. e4 c5 2. Nf3 d6 3. d4 cxd4 4. Nxd4 Nf6 5. Nc3 a6 6. g3 e5 7. Nde2 Be7 8. Bg2 b5 9. Nd5 {B91: Sicilian Najdorf: 6 g3.} Nbd7 10. Nec3 Nb6 11. Nxe7 {The position is equal.} Qxe7 12. Bg5 Bb7 {[#]} 13. Qd3 $146 ({Predecessor:} 13. O-O h6 14. Bxf6 Qxf6 15. a4 bxa4 16. Nxa4 Nxa4 17. Rxa4 O-O 18. Qd2 Rfc8 19. Rfa1 {½-½ (26) Gavrilescu,D (2436)-Aczel,G (2567) Timisoara 2018}) 13... O-O 14. O-O h6 15. Bxf6 Qxf6 16. Nd5 (16. a3 $11) 16... Bxd5 $15 17. exd5 e4 18. Qxe4 Qxb2 19. Rae1 (19. Rfe1 $15) 19... Nc4 $17 {aiming for ...Nd2.} 20. Qd3 {[%cal Oa2a4] Inhibits Nd2.} Qxa2 21. Re7 (21. Ra1 $17 {was necessary.} Qb2 22. Rfb1) 21... Qb2 22. Rfe1 Qf6 23. R7e4 (23. Qf3 {is a better defense.}) 23... a5 $19 24. Rf4 Qb2 {[#] And now ...a4 would win.} 25. Qf5 $2 (25. Qd4 {is tougher.}) 25... a4 {Hoping for ...a3. Black is clearly winning.} 26. Be4 g6 {Active counter play!} 27. Qh3 Qg7 28. Rh4 a3 29. Rxh6 Rae8 30. Rh4 a2 31. c3 Qxc3 32. Qf1 Nd2 {Weighted Error Value: White=0.97/Black=0.01 (flawless)} 0-1

[Event "Svetozar Gligoric Masters 2022"]
[Site "Belgrade"]
[Date "2022.07.18"]
[Round "2.11"]
[White "Atalik, Suat"]
[Black "Chitlange Sakshi"]
[Result "0-1"]
[ECO "D35"]
[WhiteElo "2446"]
[BlackElo "2216"]
[Annotator "TA"]
[PlyCount "80"]
[EventDate "2022.07.18"]
[EventCountry "SRB"]
[SourceTitle "playchess.com"]
[Source "ChessBase"]
[SourceQuality "1"]
[TimeControl "40/5400+30:900+30"]

1. d4 d5 2. c4 e6 3. Nc3 Nf6 4. cxd5 exd5 5. Bg5 c6 6. e3 Bd6 7. Bd3 O-O 8. Nge2 {D35: Queen's Gambit Declined: Exchange Variation.} Re8 9. Qc2 h6 10. Bf4 {The position is equal.} a5 11. O-O Na6 12. a3 {Against Nb4} Nc7 13. h3 Ne6 14. Bxd6 Qxd6 {[#]} 15. Rae1 $146 ({Predecessor:} 15. f3 c5 16. Rae1 Bd7 17. dxc5 Qxc5 18. Qd2 d4 19. exd4 Nxd4 20. Bh7+ Kxh7 21. Qxd4 Qxd4+ 22. Nxd4 {1-0 (62) Bluebaum,M (2647)-Pacan Milej,K (2348) Chess.com INT 2020}) 15... Bd7 16. Ng3 Rac8 17. Qb1 (17. Nf5 $5 Qf8 18. Na4 $11) 17... Ng5 18. f4 Ne6 19. b4 {Inhibits c5.} ({White should play} 19. Nf5 $11 Qf8 20. Qd1) 19... axb4 $15 20. axb4 b6 21. Nf5 Qf8 22. Qb3 Nc7 23. g4 c5 24. bxc5 bxc5 25. Qa3 (25. Qd1 $15) 25... Ra8 $17 26. Qc1 Bxf5 27. Bxf5 cxd4 28. exd4 Qb4 29. Rxe8+ Rxe8 30. Rd1 g6 31. Bb1 Qe7 {Black is more active.} (31... Nb5 $17 32. Nxb5 Qxb5) 32. f5 g5 33. Kg2 $2 {[#]} (33. Bd3 $17) 33... Kg7 $2 (33... Nb5 $1 $19 {[%cal Rb5c3][%mdl 512] aiming for ...Nxc3.} 34. Bd3 Nxd4) 34. Qd2 Na6 35. Rf1 Nb4 36. Rf2 Qe3 37. Nb5 $2 {[%mdl 8192] [#]} ({Better is} 37. Qxe3 $1 $15 Rxe3 38. Rf3) 37... Qb3 $1 $19 {Black is clearly winning.} 38. Nc3 Rc8 39. Na2 (39. Rf3 $142 Rxc3 40. Qxc3 Qxb1 41. Re3) 39... Qxb1 ({Weaker is} 39... Ne4 40. Bxe4 Nxa2 41. Bc2 $16 (41. Qxa2 Qxa2 42. Rxa2 dxe4 $11)) 40. Nxb4 Rc1 {Weighted Error Value: White=0.74/Black=0.24 (precise)} 0-1